Zazza, neutral female human Monk ----------- ----------------- |.........| [ [!2[ |...|...........| |.-----...| [ 3 --- |.---.-----.---.| |...|...|.|.|.| 12 |.| |.|...|.....|...| |.|.|.|.---.|.| --- |.| --|.|.--|.-------.| |.|...|.......| .....|.| |.|.....|.|.....|.| |.|.---------.--- ?* -.---.--- |.|.-----.|.....-.| |...|...|.|.....| |g|.....| |.|...|...|.....|.| |--.|.|.|.|.%..^| % * ? |@|.---%|--.---.|.----------| |...|.|...|^.{..| * * +.|...|.|.......|...........| |.---.|--.|.....| + ?1 |.|.--|.|.---------.-------.| |.....|.|.|.....| |.|.| |.....|.....|.....|...| ------|.|.|--.--- + |.----|...---.---.------|.|.| --|..|...| . * |.....|...|...| |.....| |.|.| |*-..|.--| -----.|...|.|.| -----.---.|-- |-|..|...| ..........|.| |.......| |.-..---.| ..{.-------.| --------- --|........ ............| --------- ------------- Zazza the Initiate Experience level: 9 Strength: 18 Dexterity: 16 Constitution: 16 Intelligence: 9 Wisdom: 15 Charisma: 8 Health: 0(77) Energy: 57(62) Def: 8 Gold: 0 Moves: 10869 Dungeon seed: eWJt9VL9kpjKwjmG Game ID: Zazza_1563996508 Your Inventory: Weapons p - a +3 dagger (in quiver) u - 4 +0 elven daggers G - 4 +0 daggers O - the +0 Grimtooth Armor b - an uncursed +0 mummy wrapping c - an uncursed +0 mummy wrapping e - an uncursed burnt +2 pair of leather gloves (being worn) y - an uncursed +0 cloak of protection (being worn) A - an uncursed +0 pair of elven boots (being worn) N - a blessed very rusty +2 orcish helm (being worn) Rings Q - a blessed -3 ring of increase accuracy (on left hand) Wands E - a wand of teleportation (0:7) F - a wand of slow monster (0:8) I - a cursed wand of fire (0:6) R - a wand of magic missile (0:4) U - a blessed wand of secret door detection (0:15) W - a wand of striking (0:6) Tools a - an uncursed bag of holding k - an uncursed skeleton key o - an uncursed stethoscope s - an uncursed tin whistle t - an uncursed towel z - a blessed bag of holding J - 4 uncursed partly used tallow candles (lit) (0:96) Gems n - 4 uncursed emeralds q - an uncursed flint stone r - an uncursed luckstone Y - 2 uncursed diamonds Contents of the bag of holding: 5877 gold pieces 18 +0 daggers 16 +0 darts a +0 worm tooth a +0 worm tooth a blessed +2 dwarvish cloak a blessed +0 dwarvish cloak an uncursed +0 dwarvish cloak an uncursed +0 dwarvish cloak an uncursed +0 dwarvish cloak an uncursed +0 dwarvish cloak a cursed +0 dwarvish cloak an uncursed +0 elven cloak an uncursed +0 elven cloak a cursed -1 helm of opposite alignment an uncursed +0 pair of elven boots an uncursed +1 robe 6 uncursed apples an uncursed egg 4 uncursed food rations 2 uncursed lizard corpses an uncursed melon 5 uncursed oranges an uncursed slime mold a blessed scroll of amnesia a cursed scroll of confuse monster a blessed scroll of create monster an uncursed scroll of destroy armor 2 uncursed scrolls of enchant armor a blessed scroll of enchant weapon a blessed scroll of identify a blessed scroll of light an uncursed scroll of light 3 uncursed scrolls of magic mapping a cursed scroll of magic mapping 3 uncursed scrolls of remove curse a cursed scroll of remove curse 2 uncursed scrolls of scare monster an uncursed scroll of taming 3 uncursed scrolls of teleportation 2 cursed scrolls of teleportation an uncursed spellbook of cure blindness an uncursed spellbook of remove curse an uncursed potion of extra healing a cursed potion of extra healing an uncursed potion of fruit juice an uncursed potion of full healing an uncursed potion of gain ability a blessed potion of gain energy an uncursed potion of gain energy 3 uncursed potions of healing an uncursed potion of see invisible an uncursed potion of sickness an uncursed potion of sleeping an uncursed potion of speed an uncursed ring of fire resistance a cursed ring of polymorph an uncursed ring of searching a cursed wand of speed monster (0:6) a wand of speed monster (0:3) a cursed crystal ball (0:4) an uncursed leash a +0 pick-axe 8 uncursed tallow candles (0:200) a blessed wax candle (0:400) an uncursed wax candle (0:400) an uncursed amethyst stone an uncursed diamond an uncursed obsidian stone an uncursed ruby an uncursed worthless piece of blue glass 3 uncursed worthless pieces of green glass 2 uncursed worthless pieces of red glass 4 uncursed worthless pieces of violet glass 2 uncursed worthless pieces of yellow glass 5 uncursed worthless pieces of yellowish brown glass Spells and supernatural/magical abilities: Name Level Category Fail Memory h - healing 1 healing 42% 46% W - pray for help -- divine ? -- Your skills at the end: Fighting Skills martial arts [Master] Weapon Skills Spellcasting Skills healing spells [Basic] Final Attributes: You were piously aligned. You were cold resistant. You were sleep resistant. You were poison resistant. You saw invisible. You were telepathic. You were warned. You had automatic searching. You were stealthy. You could teleport. You had teleport control. You had a -3 penalty to hit. You were protected. You were fast. You were lucky. You had extra luck. Bad luck did not time out for you. Good luck did not time out for you. You are dead. Vanquished creatures: 2 long worms 3 small mimics an ettin mummy a gelatinous cube 2 freezing spheres a tiger a dwarf king a tengu an elf mummy a red naga 2 ettin zombies 2 leather golems a Grey-elf a chameleon 2 quivering blobs 5 wolves 4 winter wolf cubs a gremlin a spotted jelly 4 leprechauns an iron piercer a giant spider an ice vortex 2 gnome kings a dwarf mummy 2 ogres a brown pudding a rust monster 2 yetis a gold golem 2 lizards a chickatrice a jaguar 6 dwarf lords a dust vortex a raven a snake a human zombie 4 Woodland-elves 2 soldier ants an imp 2 quasits a water nymph a mountain nymph 7 Uruk-hai a rock piercer a rock mole 2 ponies a fog cloud 4 yellow lights 17 gnome lords 7 gnomish wizards a kobold mummy 2 gray oozes 2 giant ants 2 little dogs 3 floating eyes a kitten 17 dwarves 4 homunculi a kobold lord 5 rothes a rabid rat 2 giant bats 7 orc zombies a dwarf zombie 2 wererats a werejackal 6 iguanas 7 killer bees 2 acid blobs 8 hobbits a large kobold a hobgoblin 9 giant rats 5 cave spiders a yellow mold 54 gnomes a gnome zombie 5 geckos 6 jackals 2 kobolds 5 goblins 5 sewer rats 10 grid bugs 2 bats 5 lichens 2 kobold zombies 10 newts 314 creatures vanquished. Voluntary challenges: You had followed a strict vegan diet until turn 3982. You had followed a strict vegetarian diet until turn 3982. You had been an atheist until turn 2781. You used a wielded weapon 10 times, starting on turn 740. You read items or engraved 4 times, starting on turn 5002. You never genocided any monsters. You never polymorphed an object. You never changed form. You used no wishes. You never split a pudding. You never wrote Elbereth's name. You violated your moral code, losing 7 points of alignment, starting on turn 3982. Dungeon overview: The Dungeons of Doom: levels 1 to 11 Level 1 some fountains a long staircase Level 2 some fountains Level 3 a fountain Level 4 stairs to The Gnomish Mines Level 5 Level 6 (gold) a fountain Level 7 (gold) an altar to Chih Sung-tzu, some fountains Level 8 a general store Level 9 many fountains Level 10 a long staircase Level 11 The Gnomish Mines: levels 5 to 13 Level 5 stairs to The Dungeons of Doom Level 6 Level 7 many shops, a temple to Huan Ti, some fountains Level 8 Level 9 Level 10 Level 11 Level 12 Level 13 <- You were here some fountains History has recorded: On T:1 you entered the Dungeons of Doom to retrieve the Amulet of Yendor! On T:271 you reached level 2 of The Dungeons of Doom. On T:622 you reached level 3 of The Dungeons of Doom. On T:843 you reached level 4 of The Dungeons of Doom. On T:887 you advanced to experience level 2. On T:1280 you advanced to experience level 3. On T:1509 you reached level 5 of The Dungeons of Doom. On T:1637 you reached level 6 of The Dungeons of Doom. On T:1772 you advanced to experience level 4. On T:1900 you reached level 7 of The Dungeons of Doom. On T:2192 you reached level 8 of The Dungeons of Doom. On T:3041 you advanced to experience level 5. On T:3327 you advanced to experience level 6. On T:3799 you reached level 9 of The Dungeons of Doom. On T:3980 you advanced to experience level 7. On T:4129 you reached level 11 of The Dungeons of Doom. On T:4163 you reached level 10 of The Dungeons of Doom. On T:5493 you reached level 1 of The Gnomish Mines. On T:5514 you advanced to experience level 8. On T:5990 you reached level 2 of The Gnomish Mines. On T:6127 you reached level 3 of The Gnomish Mines. On T:8216 you advanced to experience level 9. On T:9245 you reached level 4 of The Gnomish Mines. On T:9758 you reached level 5 of The Gnomish Mines. On T:9946 you reached level 6 of The Gnomish Mines. On T:10033 you reached level 7 of The Gnomish Mines. On T:10348 you reached level 8 of The Gnomish Mines. On T:10526 you reached level 9 of The Gnomish Mines. Score breakdown: Gold: 5877 (12821 points) Experience: 9 levels (15756 points) Exploration: 13 levels ( 26.53%) (15000 points) Discoveries: 18 items ( 6.43%) ( 7606 points) Valuables value: (no points given unless you survive) Artifact value: 300 ( 8431 points) Variety of kills: 89 monsters ( 23.36%) (14499 points) Turncount: 10869 turns (-2501 points) Survival: died (score multiplied by 80%) Total score: 57289 Latest messages: You begin praying to Chih Sung-tzu. You are surrounded by a shimmering light. The winged gargoyle starts to attack you, but pulls back. (3x) You feel that Chih Sung-tzu is well-pleased. You feel in good health again. Never mind. Never mind. You feel better. The winged gargoyle hits! (2x) The winged gargoyle bites! The winged gargoyle hits! (2x) You die... The bag of holding is empty. The bag of holding is empty. Final status: Goodbye Zazza the Monk, killed by a winged gargoyle... You died in The Gnomish Mines on dungeon level 13 with 57289 points, and 5877 pieces of gold, after 10869 moves. You were level 9 with a maximum of 77 hit points when you died.